 Dungeon Crawl Stone Soup version 0.19.4-9-g45fd643 (webtiles) character file.

218 empire the Skirmisher (level 5, -1/47 HPs)
             Began as a Draconian Monk on Feb 17, 2017.
             Was a Priest of Elyvilon.
             Slain by Xiguana's ghost (6 damage)
             ... on level 3 of the Dungeon.
             The game lasted 00:04:59 (1954 turns).

empire the Skirmisher (Draconian Monk)              Turns: 1954, Time: 00:04:59

Health: -1/47      AC:  5    Str: 13    XL:     5   Next: 63%
Magic:  1/5        EV: 16    Int: 11    God:    Elyvilon [***...]
Gold:   101        SH:  0    Dex: 14    Spells: 0 memorised, 4 levels left

rFire  . . .     SeeInvis .     a - -2 rapier (curse)
rCold  . . .     Gourm    .     (armour unavailable)
rNeg   . . .     Faith    .     (no shield)
rPois  .         Spirit   .     (helmet restricted)
rElec  .         Reflect  .     (no cloak)
rCorr  .         Harm     .     (no gloves)
MR     .....                    (no boots)
Stlth  +.........               (no amulet)
                                k - +2 ring of evasion
                                f - ring of loudness (curse)

@: no status effects
A: unfitting armour, cold-blooded, AC +5
a: Lesser Healing, Heal Other, Purification, Divine Protection, Renounce
Religion


You were on level 3 of the Dungeon.
You worshipped Elyvilon.
Elyvilon was most pleased with you.
You were very hungry.

You visited 1 branch of the dungeon, and saw 3 of its levels.

You collected 101 gold pieces.

Inventory:

Hand Weapons
 a - a cursed -2 rapier (weapon)
 h - a cursed -3 whip
 l - a +0 short sword
Jewellery
 f - a cursed ring of loudness (left hand)
 k - a +2 ring of evasion (right hand)
Scrolls
 e - a scroll of teleportation {unknown}
 g - a scroll of fog {unknown}
 j - a scroll of random uselessness {unknown}
Potions
 c - a potion of brilliance
Comestibles
 b - 4 bread rations
 d - 2 meat rations
 i - 2 beef jerkies


   Skills:
 + Level 4.8 Fighting
 + Level 4.2 Short Blades
 + Level 4.1 Dodging
 - Level 1.7 Stealth


You had 4 spell levels left.
You didn't know any spells.

Dungeon Overview and Level Annotations

Branches:
Dungeon (3/15)

Altars:
Elyvilon
Sif Muna

Annotations:
D:3 Xiguana's ghost, amateur DrCK


Innate Abilities, Weirdness & Mutations

Your plain brown scales are hard. (AC +5)
You cannot fit into any form of body armour.
You are cold-blooded and may be slowed by cold attacks.


Message History

Xiguana's ghost is moderately damaged.
Xiguana's ghost completely misses you.
You hit Xiguana's ghost.
Xiguana's ghost is moderately damaged.
Xiguana's ghost hits you.
You hit Xiguana's ghost but do no damage.
Xiguana's ghost is moderately damaged.
Xiguana's ghost completely misses you.
You hit Xiguana's ghost.
Xiguana's ghost is moderately damaged.
Xiguana's ghost hits you.
* * * LOW HITPOINT WARNING * * *
You barely miss Xiguana's ghost.
Xiguana's ghost is moderately damaged.
Xiguana's ghost hits you.
* * * LOW HITPOINT WARNING * * *
You hit Xiguana's ghost but do no damage.
Xiguana's ghost is moderately damaged.
Xiguana's ghost hits you.
You die...

..# .. # ...#
##. .#### #.
..(......
#.##.#...#.. #
#......[...#
##.#.##@#...###
#......W.......
#.###.††##.####
#. #..........
#W###.####.....
#.....# ###.
#####..###
#......#
#.###..# #


You could see Xiguana's ghost.

Vanquished Creatures
  Sigmund (D:2)
  3 adders
  A worm (D:2)
  2 dart slugs (D:1)
  2 leopard geckos (D:2)
  4 bats
  A giant cockroach (D:2)
  7 goblins
  6 hobgoblins
  3 jackals (D:3)
  3 kobolds (D:2)
  A ball python (D:1)
  8 frilled lizards
  3 rats (D:2)
45 creatures vanquished.

Notes
Turn   | Place    | Note
-------+----------+-------------------------------------------
     0 | D:1      | empire the Draconian Monk began the quest for the Orb.
     0 | D:1      | Reached XP level 1. HP: 19/19 MP: 1/1
   192 | D:1      | Reached XP level 2. HP: 26/26 MP: 2/2
   641 | D:2      | Found a white marble altar of Elyvilon.
   656 | D:2      | Reached XP level 3. HP: 21/33 MP: 3/3
   850 | D:2      | Found a faded altar of an unknown god.
   869 | D:2      | Became a worshipper of Elyvilon the Healer
   869 | D:2      | Reached * piety under Elyvilon
   869 | D:2      | Reached ** piety under Elyvilon
  1011 | D:2      | Reached *** piety under Elyvilon
  1129 | D:2      | Noticed Sigmund
  1179 | D:2      | Killed Sigmund
  1179 | D:2      | Reached XP level 4. HP: 9/41 MP: 0/4
  1179 | D:2      | Reached XP level 5. HP: 10/47 MP: 0/5
  1834 | D:3      | Found a deep blue altar of Sif Muna.
  1909 | D:3      | Noticed Xiguana's ghost (amateur DrCK)
  1954 | D:3      | Slain by Xiguana's ghost

Skill      XL: |  1  2  3 |
---------------+----------+-----
Dodging        | 3 4 |  4.1
Fighting       | 4 |  4.8
Short Blades   | 4 |  4.2
Stealth        | |  1.7

Action                   |  1- 3 |  4- 6 || total
-------------------------+-------+-------++-------
Melee: Short sword       |    58 |       ||    58
       Tailslap          |    19 |     7 ||    26
       Rapier            |    65 |    66 ||   131
Invok: Lesser Healing    |     3 |     5 ||     8
       Heal Other        |     1 |       ||     1
  Use: Potion            |     5 |       ||     5
       Scroll            |     1 |       ||     1
 Stab: Sleeping          |     1 |       ||     1
  Eat: Chunk             |     1 |     3 ||     4
Armor: Skin              |    18 |    12 ||    30
Dodge: Dodged            |    68 |    66 ||   134
